 Dungeon Crawl Stone Soup version 0.17-a0-1793-gcbb3aa1 (webtiles) character file.

2800 Rationalist the Shield-Bearer (level 10, 0/77 HPs)
             Began as a Formicid Fighter on Sept 10, 2015.
             Was an Initiate of Qazlal.
             Slain by a red ugly thing (6 damage)
             ... on level 11 of the Dungeon.
             The game lasted 00:14:57 (10533 turns).

Rationalist the Shield-Bearer (Formicid Fighter)   Turns: 10533, Time: 00:14:58

Health: 0/77       AC:  5    Str: 21    XL:     10   Next: 2%
Magic:  10/10      EV: 13    Int:  8    God:    Qazlal [......]
Gold:   480        SH: 11    Dex: 13    Spells: 0 memorised, 9 levels left

rFire  + . .     SeeInvis +     j - +2 hand axe (venom)
rCold  . . .     Clarity  .     g - +1 leather armour "Tatharhu" {rC+} (curse)
rNeg   . . .     SustAt   .     c - +0 shield
rPois  .         Gourm    .     (helmet unavailable)
rElec  .         Spirit   .     (no cloak)
rCorr  .         Warding  .     (no gloves)
rMut   +         Stasis   +     (no boots)
MR     +....                    B - amulet of resist mutation
Stlth  ++........               (no ring)
                                u - ring of fire

@: somewhat resistant to hostile enchantments, unstealthy
A: permanent stasis, dig shafts and tunnels, four strong arms, antennae 3,
breathe flames 1
a: Dig, Shaft Self, Renounce Religion, Breathe Fire


You were on level 11 of the Dungeon.
You worshipped Qazlal.
Qazlal was noncommittal.
You were very hungry.

You visited 1 branch of the dungeon, and saw 10 of its levels.

You collected 480 gold pieces.

Inventory:

Hand weapons
 j - a +2 hand axe of venom (weapon)
Missiles
 h - 7 sling bullets of flame
 n - 17 poisoned sling bullets
 p - 9 exploding sling bullets
 s - 28 poisoned needles
 t - 6 tomahawks (quivered)
 v - 9 bolts
 y - 17 steel bolts
 z - 11 sling bullets
Armour
 c - a +0 shield (worn)
 g - the cursed +1 leather armour "Tatharhu" (worn) {rC+}
   (You found it on level 7 of the Dungeon)

   It protects you from cold.
   It has a curse placed upon it.
Jewellery
 u - a ring of fire (left hand)
 B - an amulet of resist mutation (around neck)
Magical devices
 q - a wand of confusion (13)
Scrolls
 b - a scroll of blinking {unknown}
 f - 3 scrolls of immolation
 i - a scroll of fog {unknown}
 k - a scroll of enchant weapon
 A - a scroll of remove curse
Potions
 a - a potion of curing {unknown}
 r - 2 potions of cancellation
 w - a potion of brilliance
 x - a potion of resistance
Comestibles
 d - a beef jerky
 e - 6 bread rations
 l - 4 meat rations
 o - a slice of pizza


   Skills:
 + Level 6.5 Fighting
 + Level 6.2 Axes
 + Level 0.4 Throwing
 + Level 7.3 Armour
 + Level 5.1 Dodging
 + Level 2.5 Stealth
 + Level 7.6 Shields


You had 9 spell levels left.
You didn't know any spells.

Dungeon Overview and Level Annotations

Branches:
Dungeon (11/15)            Temple (0/1) D:7            Lair (0/8) D:9
    Orc: D:9-12

Altars:
Dithmenos
Makhleb
Qazlal
Sif Muna
Trog
Zin

Shops:
D:4 =   D:6 [


Innate Abilities, Weirdness & Mutations

You are under a permanent stasis effect.
You can dig through walls and to a lower floor.
Your four strong arms can wield two-handed weapons with a shield.
You have a pair of large antennae on your head (SInv).
You can breathe flames.


Message History

You block the unseen horror's attack. The red ugly thing barely misses you.
The unseen horror hits you!
* * * LOW HITPOINT WARNING * * *
You block the red ugly thing's attack.
There is a stone staircase leading down here.
The unseen horror barely misses you. The unseen horror hits you.
* * * LOW HITPOINT WARNING * * *
The unseen horror barely misses you. The red ugly thing barely misses you.
You climb downwards.
A yak comes into view.
The yak bellows!
Found 12 gold pieces.
There is a stone staircase leading up here.
You hit the red ugly thing but do no damage.
The red ugly thing looks even sicker.
The red ugly thing is moderately wounded.
The red ugly thing bites you!
* * * LOW HITPOINT WARNING * * *
You are engulfed in flames.
You resist.
You die...

.##### ###
......####...##
#.............
#....@......Y
#...u#####...
#$.### #.# .


You could see a red ugly thing and a yak.

Vanquished Creatures
  A deep elf mage (D:9)
  A hippogriff (D:7)
  Duvessa (D:5)
  An orc warrior (D:6)
  A phantom (D:4)
  A sky beast (D:6)
  An ice beast (D:5)
  4 ogres
  3 centaurs
  A wyvern zombie (D:6)
  5 giant frogs
  Dowan (D:5)
  A crimson imp (D:6)
  A gnoll shaman (D:4)
  5 hounds
  4 jellies
  3 iguanas
  5 orc wizards
  8 worker ants
  2 killer bee zombies
  2 worker ant zombies (D:9)
  7 gnolls
  8 adders
  A shadow imp (D:9)
  2 oozes (D:1)
  4 worms
  8 giant geckos
  14 orcs
  2 ball pythons
  4 bats
  6 hobgoblins
  4 quokkas
  2 giant cockroaches
  6 giant newts
  8 goblins
  7 jackals
  A jackal skeleton (D:6)
  5 kobolds
  2 quokka skeletons
  A quokka zombie (D:6)
  12 rats
156 creatures vanquished.

Notes
Turn   | Place    | Note
--------------------------------------------------------------
     0 | D:1      | Rationalist the Formicid Fighter began the quest for the Orb.
     0 | D:1      | Reached XP level 1. HP: 18/18 MP: 1/1
   202 | D:1      | Reached XP level 2. HP: 24/24 MP: 2/2
   535 | D:1      | Reached XP level 3. HP: 24/29 MP: 3/3
   573 | D:1      | Reached skill level 4 in Shields
   776 | D:2      | Reached skill level 1 in Dodging
  1098 | D:2      | Reached XP level 4. HP: 35/37 MP: 4/4
  1403 | D:2      | Found a burning altar of Makhleb.
  1516 | D:3      | Reached XP level 5. HP: 38/42 MP: 5/5
  2065 | D:4      | Reached XP level 6. HP: 29/48 MP: 6/6
  2073 | D:4      | Found a shadowy altar of Dithmenos.
  2287 | D:4      | Noticed a phantom
  2342 | D:4      | Killed a phantom
  2342 | D:4      | Reached skill level 5 in Shields
  2358 | D:4      | Reached XP level 7. HP: 19/55 MP: 7/7
  2364 | D:4      | Reached skill level 5 in Armour
  2411 | D:4      | Found a glowing silver altar of Zin.
  2580 | D:4      | HP: 2/55 [gnoll/flail (5)]
  2583 | D:4      | You fall through a shaft for 2 floors!
  3413 | D:6      | Gained mutation: You can breathe flames. [mutagenic meat]
  3414 | D:6      | Gained mutation: You are robust (+10% HP). [mutagenic meat]
  3416 | D:6      | Lost mutation: You are robust (+10% HP). [mutagenic meat]
  3669 | D:6      | Reached skill level 5 in Fighting
  3669 | D:6      | Reached XP level 8. HP: 25/62 MP: 8/8
  4018 | D:6      | Reached skill level 1 in Stealth
  4571 | D:6      | Reached skill level 6 in Shields
  4572 | D:6      | Found Toresoh's Antique Armour Emporium.
  5921 | D:5      | Entered Level 5 of the Dungeon
  6100 | D:5      | Noticed Dowan
  6101 | D:5      | Noticed Duvessa
  6118 | D:5      | Killed Duvessa
  6118 | D:5      | Reached XP level 9. HP: 22/68 MP: 9/9
  6122 | D:5      | Killed Dowan
  6339 | D:5      | Reached skill level 5 in Axes
  7045 | D:4      | Found a deep blue altar of Sif Muna.
  7048 | D:4      | Found a bloodstained altar of Trog.
  7180 | D:4      | Found Bitoal's Jewellery Emporium.
  7425 | D:7      | Reached skill level 7 in Armour
  8206 | D:7      | Got a steaming leather armour
  8262 | D:7      | Identified the cursed +1 leather armour "Tatharhu" {rC+} (You found it on level 7 of the Dungeon)
  8286 | D:7      | Found a stormy altar of Qazlal.
  8295 | D:7      | Became a worshipper of Qazlal Stormbringer
  8375 | D:7      | Found a staircase to the Ecumenical Temple.
  8680 | D:7      | You fall through a shaft for 2 floors!
  9147 | D:9      | Found a staircase to the Lair.
  9409 | D:9      | Reached skill level 5 in Dodging
  9950 | D:9      | Reached XP level 10. HP: 74/77 MP: 10/10
 10106 | D:9      | Noticed a hill giant
 10113 | D:9      | HP: 1/77 [hill giant/giant spiked club (9)]
 10114 | D:9      | You fall through a shaft!
 10114 | D:10     | Entered Level 10 of the Dungeon
 10519 | D:10     | Noticed a red ugly thing
 10520 | D:10     | Noticed an unseen horror
 10533 | D:11     | Slain by a red ugly thing

Vault maps used:
D:1:      lightli_arrival_quake, patterned_corridor
D:2:      makhleb_blood_cavern_becter
D:4:      grunt_temple_overflow_open, serial_shops, shop, first_bread
D:5:      uniq_duvessa
D:6:      serial_shops, shop
D:7:      nicolae_qazlal_eye_of_the_storm, grunt_livestock
D:9:      slow_altar_2, lair_0_dummy
D:10:     orc_david_3, uniq_erica, uniq_erolcha
D:11:     minmay_misc_feat_secret_circle, led_sif_book

Action                   |  1- 3 |  4- 6 |  7- 9 | 10-12 || total
-------------------------+-------+-------+-------+-------++-------
Melee: War axe           |   111 |   137 |   353 |       ||   601
       Hand axe          |       |       |    36 |    33 ||    69
Throw: Tomahawk          |       |       |     8 |       ||     8
 Abil: Shaft Self        |       |       |     2 |     1 ||     3
       Dig               |       |       |     2 |       ||     2
  Use: Potion            |       |       |    10 |       ||    10
       Scroll            |       |       |     9 |       ||     9
 Stab: Sleeping          |       |       |     1 |       ||     1
  Eat: Chunk             |       |     4 |    30 |     1 ||    35
